 Dungeon Crawl Stone Soup version 0.30.1-3-gfc49f6343a (webtiles) character file.

Game seed: 11818239183773576056

9 hawla the Firebug (level 2, 0/20 HPs)
             Began as a Meteoran Fire Elementalist on July 14, 2023.
             Slain by a jackal (2 damage)
             ... on level 4 of the Dungeon on July 18, 2023.
             The game lasted 00:02:26 (291 turns).

hawla the Firebug (Meteoran Fire Elementalist)       Turns: 291, Time: 00:02:26

Health: 0/20       AC:  2    Str:  9    XL:     2   Next: 35%
Magic:  6/6        EV: 12    Int: 16    God:
Gold:   19         SH:  0    Dex: 14    Spells: 3/6 levels left

rFire   . . .        (no weapon)
rCold   . . .        (no shield)
rNeg    . . .        a - +0 robe
rPois   .            (no helmet)
rElec   .            (no cloak)
rCorr   .            (no gloves)
SInv    .            (no boots)
Will    .....        (no amulet)
Stlth   +            (no ring)
HPRegen 0.23/turn    (no ring)
MPRegen 0.10/turn

%: no passive effects
@: hasted, glowing, very quick
A: sense surroundings 1, otherworldly, glowing, explore regen
a: no special abilities


You were on level 4 of the Dungeon.
You visited 1 branch of the dungeon, and saw 4 of its levels.

You collected 19 gold pieces.

Inventory:

Armour
 a - a +0 robe (worn)
Jewellery
 i - a ring of protection from cold
Wands
 j - a wand of iceblast (9)
Scrolls
 h - a scroll of amnesia {unknown}
Potions
 b - a potion of magic
 d - a potion of cancellation {unknown}
 f - a potion of haste


   Skills:
 + Level 2.6 Dodging
 - Level 1.4 Stealth
 + Level 2.7 Spellcasting
 + Level 1.2 Conjurations
 + Level 4.2 Fire Magic


You had 3 spell levels left.
You knew the following spells:

 Your Spells              Type           Power      Damage    Failure   Level
a - Foxfire               Conj/Fire      40%        2x1d6     6%          1
b - Scorch                Fire           30%        2d6       4%          2

Your spell library contained the following spells:

 Spells                   Type           Power      Damage    Failure   Level
 Inner Flame              Hex/Fire       8%         N/A       24%         3
 Volatile Blastmotes      Fire/Tloc      16%        2d11      24%         3
 Flame Wave               Conj/Fire      10%        2d6       52%         4


Dungeon Overview and Level Annotations

Branches:
Dungeon (4/15) Zot: 2108
 Temple: D:4-7

Altars:


Innate Abilities, Weirdness & Mutations

You passively map a small area around you.
You are easily found by Zot.
You glow in the dark.
You regain HP and MP as you explore.


Message History

The jackal completely misses you. The jackal attacks as you move away!
The jackal barely misses you.
There is a stone staircase leading up here.
The jackal misses you. The jackal closely misses you.
The jackal attacks as you move away! The jackal closely misses you.
The jackal attacks as you move away!
The jackal bites you but does no damage.
The jackal attacks as you move away! The jackal completely misses you.
The jackal attacks as you move away! The jackal bites you.
The jackal barely misses you. The jackal completely misses you.
The jackal closely misses you. The jackal attacks as you move away!
The jackal bites you. The jackal attacks as you move away!
The jackal barely misses you. The jackal attacks as you move away!
The jackal closely misses you. The jackal attacks as you move away!
The jackal bites you. The jackal attacks as you move away!
The jackal bites you.
A ball python and a jackal come into view.
A jackal comes into view.
The jackal barely misses you. The jackal bites you. x2
The jackal attacks as you move away!
The jackal bites you but does no damage.
A jackal comes into view.
The jackal attacks as you move away! The jackal misses you.
Your hearing returns.
As you read the scroll labelled COSTALLUIRPH, it crumbles to dust.
You hear a loud clanging noise!
It was a scroll of noise.
You hear a shout!
The jackal bites you but does no damage.
The jackal barely misses you. The jackal bites you.
* * * LOW HITPOINT WARNING * * *
The jackal bites you.
* * * LOW HITPOINT WARNING * * *
The jackal misses you. The jackal bites you.
* * * LOW HITPOINT WARNING * * *
The jackal bites you.
* * * LOW HITPOINT WARNING * * *
It was a potion of haste.
You feel yourself speed up. The jackal closely misses you.
The jackal bites you.
You die...

* ######### * , ,
,.......#### **
###########........ , ,
,
.................######
#....................
#............h...# * *
*#.....<.....Bh@..# , ,
.......#......#hh#.#,
.......#..#####hS#,#
...#####..# #.h# * * *
).. * #..# #..# , , *
.$ ,.... , ...., , , .
##...# #..#., , , .
##..# #.... * ,, , , ,


You could see 6 jackals, a giant cockroach and a ball python.

Vanquished Creatures
  An endoplasm (D:2)
  A hobgoblin (D:2)
  3 jackals
  3 rats (D:2)
8 creatures vanquished.

Vanquished Creatures (others)
  24 foxfires
24 creatures vanquished.

Grand Total: 32 creatures vanquished

Notes
Turn   | Place    | Note
-------+----------+-------------------------------------------
     0 | D:1      | hawla the Meteoran Fire Elementalist began the quest for
                  | the Orb.
     0 | D:1      | Reached XP level 1. HP: 14/14 MP: 5/5
    57 | D:2      | Reached skill level 4 in Fire Magic
    62 | D:2      | Reached XP level 2. HP: 19/20 MP: 1/6
   216 | D:2      | Learned a level 2 spell: Scorch
   237 | D:3      | Upgraded the game from 0.30.1-1-g62c8e00024 to
                  | 0.30.1-3-gfc49f6343a
   290 | D:4      | HP: 1/20 [jackal (2)]
   291 | D:4      | Slain by a jackal

Illustrated notes

Levels and vault maps discovered:
D:1:      dpeg_arrival_brainrot, layout_basic
D:2:      layout_basic, kennysheep_generic_room_9, uniq_robin
D:3:      layout_loops_cross, mainiacjoe_overflow_24_doors, serial_rivers,
          chequers_serial_rivers_small_3, chequers_serial_rivers_micro_e,
          chequers_serial_rivers_small_a, chequers_serial_rivers_small_b,
          chequers_serial_rivers_large_b, ebering_ghost_sewer_d,
          item_on_display_a, uniq_grinder, uniq_sigmund
D:4:      layout_basic, kennysheep_mini

Skill      XL: |  1 |
---------------+----+-----
Fire Magic     | 4 |  4.2
Dodging        | |  2.6
Stealth        | |  1.4
Spellcasting   | |  2.7
Conjurations   | |  1.2

Action                     || total
---------------------------++-------
  Melee: Unarmed           ||     3
   Cast: Foxfire           ||    16
    Use: Scroll            ||     3
         Potion            ||     1
 Armour: Robe              ||     4
  Dodge: Dodged            ||    21
